 Seeded DCSS version 0.28-a0-425-gd0eccab (webtiles) character file.

Game seed: 8859158737211481446 (custom seed)

113789 Illumine the Basher (level 16, 0/158 HPs)
             Began as a Troll Monk on Sept 8, 2021.
             Was the Champion of Cheibriados.
             Slain by a tentacled monstrosity (2 damage)
             ... on level 1 of the Swamp on Sept 9, 2021.
             The game lasted 01:09:09 (22196 turns).

Illumine the Basher (Troll Monk)                   Turns: 22196, Time: 01:09:10

Health: 0/158      AC:  8    Str: 42    XL:     16   Next: 14%
Magic:  0/22       EV: 11    Int: 25    God:    Cheibriados [******]
Gold:   591        SH: 20    Dex: 27    Spells: 15/15 levels left

rFire   . . .      SeeInvis .   A - +6 flail (elec)
rCold   . . .      Faith    .   t - +0 tower shield
rNeg    + . .      Spirit   +   b - +2 robe {Will+}
rPois   .          Reflect  .   S - +2 hat of the Bear Spirit {Spirit, +Rage rN+ Will++}
rElec   .          Harm     .   f - scarf {repulsion}
rCorr   +          Rampage  .   (gloves unavailable)
Will    ++++.                   (boots unavailable)
Stlth   ++........              s - amulet of guardian spirit
HPRegen 1.36/turn               h - ring of resist corrosion
MPRegen 0.18/turn               Z - ring "Jeezeal" {EV+4 Str+3}

@: constricted, studying Shields, repel missiles, very slow
A: large, unfitting armour, claws 3, regeneration 1, shaggy fur 1, tough skin 1
a: Renounce Religion, Evoke Berserk Rage, Bend Time, Temporal Distortion,
Slouch, Step From Time


You were on level 1 of the Swamp.
You worshipped Cheibriados.
Cheibriados was exalted by your worship.
You visited 5 branches of the dungeon, and saw 24 of its levels.
You also visited: Bailey.

You collected 3181 gold pieces.
You spent 2590 gold pieces at shops.

Inventory:

Hand Weapons
 A - a +6 flail of electrocution (weapon)
 D - a +1 flail of holy wrath
 N - a +0 morningstar
Missiles
 c - 90 poisoned darts
 i - 323 stones
 j - 18 boomerangs (quivered)
 H - 6 javelins
 K - a throwing net
 P - 13 large rocks
Armour
 b - a +2 robe of willpower (worn)
 f - a scarf of repulsion (worn)
 t - a +0 tower shield (worn)
 S - the +2 hat of the Bear Spirit (worn) {Spirit, +Rage rN+ Will++}
   (You bought it in a shop on level 2 of the Orcish Mines)

   rN:        It protects you from negative energy.
   +Rage:     It lets you go berserk.
   Will:      It greatly increases your willpower.
 T - a +1 robe of fire resistance
Jewellery
 h - a ring of resist corrosion (left claw)
 k - a ring of protection from cold
 s - an amulet of guardian spirit (around neck)
 w - a ring of see invisible
 y - a ring of ice
 E - a ring of flight
 R - the ring of Vemayple {Ice rElec Str-4 Int+8 Dex+2}
   (You found it in a bailey)

   [ring of ice]

   It enhances your ice magic.
   Str:       It affects your strength (-4).
   Int:       It affects your intelligence (+8).
   Dex:       It affects your dexterity (+2).
   rF:        It makes you vulnerable to fire.
   rC:        It protects you from cold.
   rElec:     It insulates you from electricity.
 Z - the ring "Jeezeal" (right claw) {EV+4 Str+3}
   (You found it on level 4 of the Lair of Beasts)

   [ring of evasion]

   EV:        It affects your evasion (+4).
   Str:       It affects your strength (+3).
Wands
 o - a wand of polymorph (17)
 v - a wand of iceblast (3)
 G - a wand of acid (30)
 W - a wand of paralysis (18)
 Y - a wand of charming (5)
Scrolls
 d - 9 scrolls of teleportation
 g - 5 scrolls of magic mapping
 n - 2 scrolls of holy word
 p - 4 scrolls of immolation
 q - 3 scrolls of enchant weapon
 r - 3 scrolls of brand weapon
 x - a scroll of torment
 z - 6 scrolls of silence
 L - 3 scrolls of vulnerability
 O - 4 scrolls of enchant armour
 V - a scroll of amnesia
Potions
 a - 2 potions of resistance
 e - a potion of attraction {unknown}
 l - 9 potions of curing
 u - 5 potions of heal wounds
 B - 3 potions of lignification {unknown}
 C - a potion of might {unknown}
 I - a potion of berserk rage {unknown}
 J - 5 potions of ambrosia
 M - 4 potions of mutation
 Q - 2 potions of invisibility
 U - 2 potions of magic
 X - 5 potions of haste
Miscellaneous
 m - a tin of tremorstones (2/2)
 F - a phial of floods


   Skills:
 + Level 9.9 Fighting
 + Level 13.0 Maces & Flails
 - Level 12.0 Throwing
 + Level 9.0 Armour
 - Level 2.5 Dodging
 - Level 1.0 Stealth
 * Level 11.4 Shields
 + Level 10.0 Invocations
 + Level 3.7 Evocations


You had 15 spell levels left.
You didn't know any spells.
Your spell library contained the following spells:

 Spells                   Type           Power      Damage    Failure   Level
 Foxfire                  Conj/Fire      0%         2x1d4     28%         1
 Slow                     Hex            0%         N/A       41%         2
 Confusing Touch          Hex            0%         N/A       65%         3
 Conjure Flame            Conj/Fire      0%         6-21      65%         3
 Dazzling Flash           Conj/Hex       0%         N/A       65%         3
 Gell's Gravitas          Tloc           0%         N/A       65%         3
 Inner Flame              Hex/Fire       0%         N/A       65%         3
 Teleport Other           Tloc           0%         N/A       65%         3
 Vampiric Draining        Necr           0%         2d6       65%         3
 Flame Wave               Conj/Fire      0%         3d3       96%         4
 Iskenderun's Mystic Bla  Conj/Tloc      0%         2d3       96%         4
 Agony                    Necr           0%         N/A       100%        5
 Fireball                 Conj/Fire      0%         3d3       100%        5
 Iskenderun's Battlesphe  Conj           0%         2d6       100%        5
 Metabolic Englaciation   Hex/Ice        0%         N/A       100%        5
 Silence                  Hex/Air        0%         N/A       100%        5
 Dispersal                Tloc           0%         N/A       100%        6
 Starburst                Conj/Fire      0%         6d3       100%        6
 Borgnjor's Revivificati  Necr           0%         N/A       100%        8
 Ignition                 Fire           0%         3d3       100%        8
 Necromutation            Tmut/Necr      0%         N/A       100%        8
 Chain Lightning          Conj/Air       0%         N/A       100%        9
 Death's Door             Necr           0%         N/A       100%        9


Dungeon Overview and Level Annotations

Branches:
Dungeon (13/15)            Temple (1/1) D:4            Lair (6/6) D:11
  Swamp (2/4) Lair:4        Snake (0/4) Lair:2        Slime (0/5) Lair:5
    Orc (2/2) D:12            Elf (0/3) Orc:2        Bailey (visited)
 Vaults: D:13-14

Altars:
Ashenzari
Cheibriados
Dithmenos
Elyvilon
Fedhas
Gozag
Hepliaklqana
Kikubaaqudgha
Makhleb
Nemelex Xobeh
Okawaru
Qazlal
Ru
Sif Muna
Trog
Uskayaw
Vehumet
Wu Jian
Xom
Yredelemnul
Zin
The Shining One
Beogh
Jiyva

Shops:
D:2 =   D:3 **![*   D:12 :   Orc:1 :   Orc:2 [((*

Portals:
Trove: D:11 (give 7 potions of haste)

Annotations:
D:9 1 runed translucent door
D:10 3 runed translucent doors, Wombat's ghost, novice TrMo
D:11 exclusion: obsidian statue, Erolcha


Innate Abilities, Weirdness & Mutations

You are too large for most types of armour.
You have claws for hands.
Your natural rate of healing is unusually fast.
You are covered in fur. (AC +1)
You have tough skin. (AC +1)


Message History

The tentacled monstrosity barely misses you.
You block the tentacled monstrosity's attack.
You block the spriggan rider's attack.
The spriggan rider hits you with a +0 spear!!
You sock the tentacled monstrosity!
The tentacled monstrosity is moderately wounded.
You block the tentacled monstrosity's attack. x2
The tentacled monstrosity tentacle-slaps you!
You block the tentacled monstrosity's attack.
The spriggan rider hits you with a +0 spear!! x2
* * * LOW HITPOINT WARNING * * *
The spriggan rider hits you from afar with a +0 spear!
* * * LOW HITPOINT WARNING * * *
You block the spriggan rider's attack.
The spriggan rider hits you from afar with a +0 spear.
* * * LOW HITPOINT WARNING * * *
You block the spriggan rider's attack.
The tentacled monstrosity tentacle-slaps you but does no damage.
The tentacled monstrosity tentacle-slaps you.
* * * LOW HITPOINT WARNING * * *
The tentacled monstrosity tentacle-slaps you but does no damage.
The tentacled monstrosity grabs you.
The tentacled monstrosity constricts you.
* * * LOW HITPOINT WARNING * * *
Okay, then.
Okay, then.
Okay, then.
Okay, then.
Okay, then.
You feel much better. The spriggan rider closely misses you.
You block the tentacled monstrosity's attack. x3
The tentacled monstrosity constricts you.
* * * LOW HITPOINT WARNING * * *
The spriggan rider hits you from afar with a +0 spear!!
* * * LOW HITPOINT WARNING * * *
Unknown command.
The tentacled monstrosity's grasp on you weakens, but your attempt to escape fails.
You block the spriggan rider's attack. x2
The tentacled monstrosity tentacle-slaps you.
You die...

♣♣♣♣♣♣ ♣.ii≈♣ w.
♣..X.♣ ≈≈. ♣♣♣.@♣♣♣
≈§.♣♣.....♣ ≈≈
♣...≈≈.≈♣♣
≈≈.♣.≈≈.≈...♣ ≈≈≈≈≈≈
≈≈.♣≈≈≈≈≈≈..♣
.≈≈..≈≈≈§≈......≈.♣♣
.≈♣..≈≈≈≈≈.≈§..§♣♣♣
.)≈.≈≈.≈≈≈≈≈≈§.♣♣
≈..§≈..≈≈≈§≈≈≈.♣♣♣♣♣


You could see a tentacled monstrosity and 2 spriggan riders.

Vanquished Creatures
  2 thorn hunters (Swamp:1)
  An orc warlord (Bailey)
  A rakshasa (D:13)
  Fannar (Lair:3)
  A centaur warrior (D:11)
  A ghost crab (Swamp:1)
  8 hydras
  2 boulder beetles
  2 catoblepae (Lair:6)
  A death knight (D:11)
  5 two-headed ogres
  2 alligators (Swamp:1)
  A deep troll shaman (Lair:6)
  4 orc high priests
  A tengu warrior (D:13)
  11 death yaks
  Nergalle (Orc:1)
  Urug (Lair:2)
  2 goliath frogs (Swamp:1)
  2 skeletal warriors (D:11)
  A lindwurm (Lair:5)
  The ghost of nrm the Firebug, a novice TeFE (D:5)
  6 orc knights
  A bog body (Swamp:1)
  5 orc sorcerers
  3 manticores
  4 cyclopes
  7 elephants (Lair:6)
  5 black mambas
  4 orange demons (D:12)
  10 cane toads
  A torpor snail (Lair:6)
  Maggie (D:10)
  A rime drake (Lair:3)
  An efreet (D:11)
  2 unseen horrors
  A freezing wraith (D:11)
  2 tengu conjurers
  11 komodo dragons
  3 polar bears
  8 trolls
  3 red devils (D:12)
  A bloated husk (Swamp:1)
  A tyrant leech (Swamp:1)
  Prince Ribbit (D:6)
  11 slime creatures
  15 dream sheep
  15 blink frogs
  2 wraiths (D:11)
  A vampire (D:12)
  A shadow (D:11)
  2 wyverns
  3 vampire mosquitoes (Lair:1)
  27 yaks
  A basilisk (Lair:1)
  A steam dragon (D:8)
  A swamp worm (Swamp:1)
  6 wargs
  17 water moccasins
  11 two-headed ogre zombies (D:11)
  2 swamp drakes (Lair:1)
  3 black bears
  37 orc warriors
  2 necrophages
  5 ice beasts
  9 ogres
  4 boggarts (Lair:4)
  5 centaurs
  22 wolves
  11 bullfrogs
  A water moccasin zombie (D:6)
  2 gnoll sergeants
  A scorpion (D:5)
  6 killer bees (D:10)
  7 wights
  3 howler monkeys (D:11)
  3 centaur zombies
  A bullfrog zombie (D:6)
  A jelly (D:5)
  14 orc priests
  A bullfrog skeleton (D:4)
  A centaur skeleton (D:4)
  3 hounds
  3 iguanas
  17 orc wizards
  A hound skeleton (D:4)
  Robin (D:4)
  23 gnolls
  4 adders
  13 white imps
  An ufetubus (D:6)
  An adder skeleton (D:4)
  3 worms
  2 dart slugs
  85 orcs
  9 bats
  4 endoplasms
  2 giant cockroaches (D:1)
  35 goblins
  28 hobgoblins
  6 jackals (D:3)
  13 kobolds
  2 quokkas
  5 ball pythons
  2 frilled lizards (D:1)
  3 rats
  A spectral kobold (D:2)
656 creatures vanquished.

Vanquished Creatures (others)
  A centaur zombie (D:11)
  An unseen horror (D:11)
  3 orcs (Orc:1)
  3 briar patches (Swamp:1)
  2 bushes (Lair:6)
  43 fungi
  77 plants
130 creatures vanquished.

Grand Total: 786 creatures vanquished

Notes
Turn   | Place    | Note
-------+----------+-------------------------------------------
     0 | D:1      | Illumine the Troll Monk began the quest for the Orb.
     0 | D:1      | Reached XP level 1. HP: 22/22 MP: 0/0
    27 | D:1      | Upgraded the game from 0.28-a0-422-gd71735c to
                  | 0.28-a0-425-gd0eccab
   148 | D:2      | Found a faded altar of an unknown god.
   208 | D:2      | Reached skill level 3 in Maces & Flails
   208 | D:2      | Reached XP level 2. HP: 15/29 MP: 1/1
   287 | D:2      | Found Etempa's Jewellery Shoppe.
   717 | D:2      | Reached XP level 3. HP: 36/36 MP: 2/2
   928 | D:3      | Found Caguatt's Assorted Antiques.
   940 | D:3      | Found Neps's General Store.
  1100 | D:3      | Found Fedwidof's Antique Armour Boutique.
  1113 | D:3      | Found Urrunyr's Assorted Antiques.
  1244 | D:3      | Found an opulent altar of Gozag.
  1289 | D:3      | Reached XP level 4. HP: 37/45 MP: 3/3
  1290 | D:3      | Reached skill level 4 in Maces & Flails
  1748 | D:3      | Found Naid's Distillery.
  1775 | D:3      | Bought a potion of curing for 36 gold pieces
  1845 | D:3      | Reached XP level 5. HP: 52/53 MP: 4/4
  2831 | D:3      | Reached skill level 1 in Throwing
  2838 | D:4      | Reached skill level 1 in Armour
  2911 | D:4      | Found a staircase to the Ecumenical Temple.
  2925 | D:4      | Reached XP level 6. HP: 60/61 MP: 5/5
  2932 | Temple   | Entered the Ecumenical Temple
  2975 | Temple   | Became a worshipper of Cheibriados the Contemplative
  2975 | Temple   | Reached * piety under Cheibriados
  2975 | Temple   | Reached ** piety under Cheibriados
  3064 | D:4      | Reached skill level 5 in Maces & Flails
  3163 | D:4      | Noticed Robin
  3209 | D:4      | Killed Robin
  3556 | D:5      | Entered Level 5 of the Dungeon
  3568 | D:5      | Reached skill level 1 in Invocations
  3647 | D:5      | Reached XP level 7. HP: 64/68 MP: 6/6
  3794 | D:5      | Found a sparkling altar of Nemelex Xobeh.
  3897 | D:5      | Reached *** piety under Cheibriados
  4278 | D:5      | Found a runed translucent gate.
  4279 | D:5      | Found a runed translucent gate.
  4279 | D:5      | Noticed nrm's ghost (novice TeFE)
  4280 | D:5      | Found a runed translucent gate.
  4280 | D:5      | Identified the +1 scale mail "Udikhoum" {Fly rPois}
  4543 | D:6      | Reached skill level 6 in Maces & Flails
  4574 | D:6      | Reached XP level 8. HP: 15/78 MP: 1/8
  4989 | D:6      | Found a shimmering blue altar of Sif Muna.
  5224 | D:6      | Noticed Prince Ribbit
  5234 | D:6      | Killed Prince Ribbit
  5235 | D:6      | Reached skill level 5 in Throwing
  5629 | D:7      | Reached skill level 7 in Maces & Flails
  5716 | D:7      | Found a glowing golden altar of the Shining One.
  5716 | D:7      | Found an ancient bone altar of Kikubaaqudgha.
  5717 | D:7      | Found a stormy altar of Qazlal.
  5717 | D:7      | Found a glowing silver altar of Zin.
  5779 | D:7      | Reached XP level 9. HP: 87/87 MP: 10/10
  5879 | D:3      | Bought a tower shield for 117 gold pieces
  6116 | D:7      | Found an ancient bone altar of Kikubaaqudgha.
  6298 | D:7      | Reached skill level 5 in Fighting
  6328 | D:7      | Found a bloodstained altar of Trog.
  6705 | D:8      | Reached skill level 1 in Shields
  6910 | D:8      | Reached **** piety under Cheibriados
  7438 | D:9      | Reached skill level 8 in Maces & Flails
  7679 | D:3      | Bought a +0 troll leather armour for 210 gold pieces
  7968 | D:9      | Noticed a two-headed ogre
  7977 | D:9      | Killed a two-headed ogre
  8190 | D:9      | Reached XP level 10. HP: 98/98 MP: 12/12
  8223 | D:9      | Noticed a two-headed ogre
  8237 | D:9      | Killed a two-headed ogre
  8415 | D:9      | Reached skill level 5 in Invocations
  8424 | D:9      | Reached skill level 9 in Maces & Flails
  8466 | D:9      | Found a runed translucent door.
  8500 | D:10     | Entered Level 10 of the Dungeon
  8500 | D:10     | Noticed Maggie
  8555 | D:10     | Found a hide-covered altar of Uskayaw.
  8598 | D:10     | Killed Maggie
  8724 | D:10     | Found a runed translucent gate.
  8724 | D:10     | Noticed a nine-headed hydra
  8724 | D:10     | Noticed Wombat's ghost (novice TrMo)
  8725 | D:10     | Found a runed translucent gate.
  8725 | D:10     | Noticed a ten-headed hydra
  8726 | D:10     | Found a runed translucent gate.
  8977 | D:10     | Found a broken altar of Ashenzari.
  8981 | D:10     | Found a shadowy altar of Dithmenos.
  8983 | D:10     | Found an ornate altar of the Wu Jian Council.
  8983 | D:10     | Found a shimmering altar of Xom.
  8984 | D:10     | Noticed a two-headed ogre
  8994 | D:10     | Killed a two-headed ogre
  9227 | D:10     | Reached XP level 11. HP: 106/106 MP: 14/14
  9578 | D:11     | Noticed an obsidian statue
  9668 | D:11     | Noticed a centaur warrior
  9705 | D:11     | Killed a centaur warrior
  9706 | D:11     | Reached skill level 5 in Armour
  9717 | D:11     | Found a portal to a secret trove of treasure.
  9841 | D:11     | Noticed a death knight
  9842 | D:11     | Noticed a skeletal warrior
  9843 | D:11     | Found a flagged portal.
  9848 | D:11     | Noticed a skeletal warrior
  9852 | Bailey   | Entered a bailey
  9929 | Bailey   | Reached skill level 10 in Maces & Flails
  9941 | Bailey   | Reached ***** piety under Cheibriados
 10141 | Bailey   | Noticed an orc knight
 10141 | Bailey   | Noticed an orc warlord
 10155 | Bailey   | Killed an orc warlord
 10162 | Bailey   | Killed an orc knight
 10235 | Bailey   | Identified the ring of Vemayple {Ice rElec Str-4 Int+8
                  | Dex+2}
 10258 | Bailey   | Acquired 853 gold pieces
 10260 | Bailey   | Reached skill level 10 in Throwing
 10260 | Bailey   | Reached XP level 12. HP: 118/118 MP: 14/16
 10261 | Bailey   | Reached XP level 13. HP: 127/127 MP: 14/17
 10589 | D:11     | Reached skill level 11 in Maces & Flails
 11149 | D:11     | Found a staircase to the Lair.
 11547 | D:11     | Reached XP level 14. HP: 97/136 MP: 9/18
 11601 | D:11     | Noticed Erolcha
 12015 | D:5      | Killed nrm's ghost
 12241 | Lair:1   | Entered Level 1 of the Lair of Beasts
 12647 | Lair:1   | Reached ****** piety under Cheibriados
 13466 | Lair:2   | Found a staircase to the Snake Pit.
 13483 | Lair:2   | Noticed Urug
 13498 | Lair:2   | Killed Urug
 14328 | Lair:3   | Noticed Fannar
 14827 | Lair:4   | Identified the +7 quarterstaff "Ydeoteta" {vorpal, *Noise
                  | rC++ Dex+10}
 14899 | Lair:4   | Found a staircase to the Swamp.
 14910 | Lair:4   | Identified the ring "Jeezeal" {EV+4 Str+3}
 16117 | Lair:5   | Found a viscous altar of Jiyva.
 16117 | Lair:5   | Found a staircase to the Slime Pits.
 16442 | Lair:6   | Entered Level 6 of the Lair of Beasts
 16829 | Lair:6   | Reached skill level 1 in Evocations
 16847 | Lair:6   | Found a snail-covered altar of Cheibriados.
 16915 | Lair:6   | Reached skill level 12 in Maces & Flails
 16915 | Lair:6   | Reached XP level 15. HP: 104/146 MP: 13/20
 17311 | Lair:6   | Reached skill level 10 in Shields
 17464 | Lair:6   | Got the Compendium of Glacial Conjuration
 17936 | Lair:3   | Killed Fannar
 18144 | D:12     | Found Upaxirchoil's Book Shoppe.
 18147 | D:12     | Identified the +4 dagger of a ziggurat {vorpal, MP+9 Dex+2}
 18455 | D:12     | Found a staircase to the Orcish Mines.
 18964 | Orc:1    | Entered Level 1 of the Orcish Mines
 19286 | Orc:1    | Noticed Nergalle
 19288 | Orc:1    | Killed Nergalle
 19429 | Orc:2    | Entered Level 2 of the Orcish Mines
 19685 | Orc:2    | Found a staircase to the Elven Halls.
 19720 | Orc:2    | Found a frozen archway.
 20072 | Orc:2    | Found Uniph's Antique Weapon Shoppe.
 20072 | Orc:2    | Found Zimeogomn's Armour Shop.
 20115 | Orc:2    | Found Laemilorgh's General Store.
 20115 | Orc:2    | Found Buroaqiz's Weapon Shop.
 20123 | Orc:2    | Bought the +0 hat "Ekkeciynn" {rElec} for 288 gold pieces
 20144 | Orc:2    | Bought the +2 hat of the Bear Spirit {Spirit, +Rage rN+
                  | Will++} for 547 gold pieces
 20144 | Orc:2    | Found the +2 hat of the Bear Spirit {Spirit, +Rage rN+
                  | Will++}
 20573 | Orc:1    | Found Wunuxt's Self-Improvement Boutique.
 20581 | Orc:1    | Bought a manual of Shields for 960 gold pieces
 20791 | D:13     | Identified the +7 great sword "Demonbane" {vorpal, *Slow
                  | rCorr Str-5 Int+10}
 21569 | D:3      | Bought a potion of haste for 240 gold pieces
 21569 | D:3      | Bought a wand of acid (12) for 192 gold pieces
 21844 | Swamp:1  | Entered Level 1 of the Swamp
 21844 | Swamp:1  | Noticed a thorn hunter
 21855 | Swamp:1  | Killed a thorn hunter
 21856 | Swamp:1  | Reached skill level 13 in Maces & Flails
 21856 | Swamp:1  | Reached XP level 16. HP: 150/157 MP: 20/22
 21952 | Swamp:1  | Noticed a thorn hunter
 21965 | Swamp:1  | Killed a thorn hunter
 21966 | Swamp:1  | Reached skill level 10 in Invocations
 22184 | Swamp:2  | Noticed a tentacled monstrosity
 22194 | Swamp:1  | HP: 7/158 [constriction (5)]
 22195 | Swamp:1  | HP: 1/158 [spriggan rider (23)]
 22196 | Swamp:1  | Slain by a tentacled monstrosity

Illustrated notes

Levels and vault maps discovered:
D:1:      scummos_arrival_gate, layout_loops_corners, grunt_decor_arrowhead,
          serial_bayou_pond_d
D:2:      layout_basic, dreamdust_ecumenical_altar_drowned_temple, serial_shops,
          shop
D:3:      corexii_shack_village, layout_basic, lemuel_crystal_altar,
          serial_shops, nicolae_shop_waterfront, shop, nicolae_diamond_shop,
          nicolae_shop_window_shopping, shop, minivault_25
D:4:      layout_rooms, minmay_temple_entry_glassed_door, serial_glass,
          glass_columns_c, glass_columns_c, glass_columns_c, glass_columns_c,
          glass_columns_b, glass_columns_b, uniq_robin
D:5:      lemuel_ice_spiral_2, layout_basic, mainiacjoe_overflow_cross_hatched,
          biasface_ghost_orc_armoury
D:6:      layout_basic, led_sif_pool, uniq_prince_ribbit1
D:7:      layout_basic, trog_hazing_becter, mainiacjoe_overflow_alcove_3,
          minivault_24, chequers_serial_rivers_room_a, kennysheep_flooded_box
D:8:      layout_loops_cross
D:9:      layout_loops_ring, minmay_misc_feat_cross, lightli_church_of_beogh
D:10:     layout_gridville, eat_drink_and_be_merry_uskayaw,
          grunt_temple_overflow_open, gammafunk_ghost_hydra_chop,
          feat_on_display, uniq_maggie
D:11:     lemuel_ogre_cave, layout_basic, erik_lair_orcish_takeover,
          enter_trove_1, enter_bailey_8, minivault_16, minmay_diamond_spiral
D:12:     layout_long_grid, orc_0_dummy, serial_shops, nicolae_shop_crystal,
          minmay_beelzebubs_servants
D:13:     layout_rooms
Temple:   jpeg_temple_island
Lair:1:   wander_river, layout_gridlike, pond
Lair:2:   layout_cave_pods, dummy_snake_entry, uniq_urug
Lair:3:   layout_cave_shapes, minmay_shattered_shrine, uniq_fannar
Lair:4:   layout_misc_corridors, swamp_mist, grunt_forest_small_clearings,
          st_stairs_10, kilobyte_rumbling_trees
Lair:5:   layout_small_grid, slime_altar_1, minivault_24
Lair:6:   grunt_lair_end_beastmaster, layout_regular_city, basic_altar,
          serial_bayou_crossing
Swamp:1:  layout_basic_swamp, evilmike_swamp_ruin_rubble_1
Swamp:2:  layout_basic_swamp, ebering_ghost_inner_flame,
          evilmike_swamp_ruin_house_6, swamp_pool1
Orc:1:    layout_diamond_mine, nicolae_shop_self_help, uniq_nergalle
Orc:2:    grunt_orc_tribal_feast, layout_diamond_mine, special_room,
          portal_ice_cave_entry_imps

Skill      XL: |  1  2  3  4  5  6  7  8  9 10 11 12 13 14 15 16 |
---------------+-------------------------------------------------+-----
Maces & Flails | 3 4 5 6 7 8 9 10 11 12 13 | 13.0
Fighting       | 3 4 5 6 7 8 9 |  9.9
Throwing       | 1 3 4 5 7 8 10 11 12 | 12.0
Armour         | 1 2 3 4 6 8 9 |  9.0
Invocations    | 1 2 3 4 5 7 9 10 | 10.0
Shields        | 2 3 6 7 9 11 | 11.4
Evocations     | 1 3 |  3.7
Dodging        | |  2.5
Stealth        | |  1.0

Action                   |  1- 3 |  4- 6 |  7- 9 | 10-12 | 13-15 | 16-18 || total
-------------------------+-------+-------+-------+-------+-------+-------++-------
Melee: Mace              |   113 |   223 |    15 |       |       |       ||   351
       Flail             |       |       |   192 |   275 |   881 |    39 ||  1387
Throw: Dart              |    16 |    22 |    33 |     3 |     1 |       ||    75
       Stone             |     2 |    11 |    12 |       |       |       ||    25
       Boomerang         |       |     1 |    27 |    23 |   251 |    23 ||   325
       Large rock        |       |       |       |       |    34 |       ||    34
       Javelin           |       |       |       |       |    10 |       ||    10
Invok: Bend Time         |       |       |     1 |     1 |     3 |       ||     5
       Slouch            |       |       |       |     3 |     8 |       ||    11
Evoke: Wand              |       |       |       |     3 |     2 |       ||     5
       Tin of tremorston |       |       |       |     2 |     2 |       ||     4
  Use: Scroll            |       |     2 |     9 |     6 |    15 |     2 ||    34
       Potion            |       |       |       |     2 |     1 |     1 ||     4
 Stab: Sleeping          |     3 |     3 |     4 |       |     4 |       ||    14
       Distracted        |       |       |     1 |       |     1 |       ||     2
       Petrified         |       |       |       |       |     1 |       ||     1
Armor: Robe              |    56 |    73 |    44 |    40 |   107 |    11 ||   331
       Troll leather arm |       |       |     1 |       |       |       ||     1
Dodge: Dodged            |    71 |   121 |   115 |    82 |   301 |    21 ||   711
       Repelled          |       |     2 |       |       |     1 |     1 ||     4
Block: Tower shield      |       |       |    80 |   209 |   841 |    48 ||  1178

Table legend: (Time is in decaauts)
 A = Elapsed time spent in this place.
 B = Non-inter-level travel time spent in this place.
 C = Inter-level travel time spent in this place.
 D = Time resting spent in this place.
 E = Time spent auto-exploring this place.
 F = Levels seen in this place.
 G = Mean time per level.
                   A        B        C        D        E       F      G
               +--------+--------+--------+--------+--------+-----+--------+
         Total |  34421 |  29407 |   5014 |   1909 |  20326 |  25 | 1376.8 |
       Dungeon |  19912 |  16143 |   3769 |   1065 |  11395 |  13 | 1531.7 |
        Temple |     98 |     45 |     53 |      0 |     30 |   1 |   98.0 |
          Lair |  10475 |   9678 |    797 |    541 |   7124 |   6 | 1745.8 |
         Swamp |    368 |    368 |      0 |     80 |    134 |   2 |  184.0 |
  Orcish Mines |   2945 |   2553 |    392 |    168 |   1588 |   2 | 1472.5 |
        Bailey |    622 |    622 |      0 |     55 |     53 |   1 |  622.0 |
               +--------+--------+--------+--------+--------+-----+--------+

Top non-repeatable levels by time:
    D:11: 3109 daAuts
  Lair:6: 2291 daAuts
     D:6: 2165 daAuts
  Lair:3: 2126 daAuts
    D:10: 1894 daAuts
    D:12: 1807 daAuts
   Orc:2: 1748 daAuts
     D:7: 1667 daAuts
  Lair:4: 1620 daAuts
     D:5: 1615 daAuts
  Lair:5: 1542 daAuts
  Lair:2: 1538 daAuts
     D:8: 1494 daAuts
  Lair:1: 1355 daAuts
     D:9: 1274 daAuts
